 Dungeon Crawl Stone Soup version 0.21.0-3-g78d12a8 (webtiles) character file.

89 rgaf the Chopper (level 4, -2/39 HPs)
             Began as a Hill Orc Fighter on Jan 15, 2018.
             Slain by an orc
             ... wielding a +1 hand axe of electrocution
              (8 damage)
             ... on level 3 of the Dungeon.
             The game lasted 00:01:29 (1664 turns).

rgaf the Chopper (Hill Orc Fighter)                 Turns: 1664, Time: 00:01:29

Health: -2/39      AC:  8    Str: 19    XL:     4   Next: 55%
Magic:  4/4        EV:  7    Int:  8    God:
Gold:   120        SH:  9    Dex: 10    Spells: 3/3 levels left

rFire    . . .     SeeInvis .   a - +0 war axe
rCold    . . .     Gourm    .   r - +0 shield (curse)
rNeg     . . .     Faith    .   b - +0 scale mail
rPois    .         Spirit   .   s - +0 helmet
rElec    .         Reflect  .   (no cloak)
rCorr    .         Harm     .   (no gloves)
MR       .....                  (no boots)
Stlth    ..........             (no amulet)
HPRegen  0.13/turn              (no ring)
MPRegen  0.09/turn              (no ring)

@: no status effects
A: no striking features
a: no special abilities


You were on level 3 of the Dungeon.
You were not hungry.

You visited 1 branch of the dungeon, and saw 3 of its levels.

You collected 120 gold pieces.

Inventory:

Hand Weapons
 a - a +0 war axe (weapon)
Armour
 b - a +0 scale mail (worn)
 c - a +0 shield
 r - a cursed +0 shield (worn)
 s - a +0 helmet (worn)
Scrolls
 g - a scroll of teleportation {unknown}
 i - 2 scrolls of enchant weapon {unknown}
 j - a scroll of fear {unknown}
 k - 2 scrolls of blinking {unknown}
 l - a scroll of immolation {unknown}
 o - 2 scrolls of identify {unknown}
 q - a scroll of enchant armour {unknown}
Potions
 d - a potion of might
 e - 3 potions of curing {unknown}
 h - a potion of mutation {unknown}
 m - a potion of ambrosia {unknown}
 n - a potion of heal wounds {unknown}
Comestibles
 f - 5 rations
 p - 4 chunks of flesh


   Skills:
 - Level 3.6 Fighting
 + Level 5.5 Axes
 - Level 3.2 Armour
 + Level 1.3 Dodging
 + Level 0.1 Stealth
 - Level 3.2 Shields


You had 3 spell levels left.
You didn't know any spells.

Dungeon Overview and Level Annotations

Branches:
Dungeon (3/15)

Altars:
Trog


Message History

The orc is moderately wounded.
The orc hits you with a dagger.
You slash the orc!
You kill the orc!
The orc hits you with a hand axe of electrocution.
You are electrocuted!
* * * LOW HITPOINT WARNING * * *
You are too injured to fight recklessly!
You are too injured to fight recklessly!
You are too injured to fight recklessly!
You are too injured to fight recklessly!
You are too injured to fight recklessly!
You are too injured to fight recklessly!
You are too injured to fight recklessly!
You are too injured to fight recklessly!
You barely miss the orc.
The orc hits you with a hand axe of electrocution.
* * * LOW HITPOINT WARNING * * *
You are electrocuted!
You die...

...# ...# ...# #..# ###
####..# #.. ##)##..# #K#
##.#.#.####.# #o#
##.###.......# #o# #<##
##.###### #@# .## ##.# #(#
#.## ##.## #(########
...###..# #.(.......
.##.#.#.########.(##########
.###.##.....................
.# #############...#########
.# ##..# .# #..#


You could see 2 orcs and a kobold.

Vanquished Creatures
  2 adders
  An ooze (D:2)
  2 worms (D:2)
  2 dart slugs (D:2)
  A leopard gecko (D:1)
  3 orcs (D:3)
  3 bats
  14 giant cockroaches
  4 goblins (D:1)
  6 hobgoblins
  3 jackals (D:1)
  3 frilled lizards
  2 kobolds (D:1)
  A rat (D:2)
47 creatures vanquished.

Notes
Turn   | Place    | Note
-------+----------+-------------------------------------------
     0 | D:1      | rgaf the Hill Orc Fighter began the quest for the Orb.
     0 | D:1      | Reached XP level 1. HP: 19/19 MP: 1/1
    24 | D:1      | Reached skill level 3 in Axes
   170 | D:1      | Reached XP level 2. HP: 24/26 MP: 2/2
   692 | D:2      | Reached skill level 4 in Axes
   768 | D:2      | Reached XP level 3. HP: 30/31 MP: 3/3
  1034 | D:2      | Reached skill level 5 in Axes
  1177 | D:2      | Reached XP level 4. HP: 19/39 MP: 4/4
  1483 | D:2      | Reached skill level 1 in Dodging
  1491 | D:2      | Found a bloodstained altar of Trog.
  1664 | D:3      | Slain by an orc

Skill      XL: |  1  2  3  4 |
---------------+-------------+-----
Axes           | 3 4 5 |  5.5
Dodging        | 1 |  1.3
Fighting       | |  3.6
Armour         | |  3.2
Stealth        | |  0.1
Shields        | |  3.2

Action                   |  1- 3 |  4- 6 || total
-------------------------+-------+-------++-------
Melee: War axe           |   128 |    40 ||   168
  Eat: Chunk             |     1 |     2 ||     3
Armor: Scale mail        |    51 |    14 ||    65
Dodge: Dodged            |    31 |    18 ||    49
Block: Shield            |    55 |    23 ||    78
